 Seeded DCSS version 0.31-a0-774-g0d66cbabe8 (webtiles) character file.

Game seed: 10 (custom seed)

57801 Psyclone the Devastator (level 14, -19/126 HPs)
             Began as a Deep Elf Conjurer on Sept 17, 2023.
             Was a High Priest of Vehumet.
             Demolished by Donald
             ... wielding a +2 heavy broad axe
              (22 damage)
             ... on level 2 of the Orcish Mines.
             The game lasted 01:29:16 (23759 turns).

Psyclone the Devastator (Deep Elf Conjurer)        Turns: 23759, Time: 01:29:16

Health: -19/126    AC: 27    Str:  4    XL:     14   Next: 47%
Magic:  7/33       EV:  2    Int: 29    God:    Vehumet [*****.]
Gold:   1825       SH:  0    Dex: 13    Spells: 18/40 levels left

rFire   + . .        b - staff of poison
rCold   . . .        (no shield)
rNeg    . . .        X - melded +4 skin of Zhor {*Englaciate rC+++ SInv}
rPois   +            r - melded +2 helmet "Xierar" {Contam MP+9 Stlth+}
rElec   .            O - melded +2 cloak {Will+}
rCorr   .            m - melded +0 pair of gloves
SInv    .            i - melded +1 pair of boots
Will    +....        C - amulet of regeneration
Stlth   ++           d - ring of flight
HPRegen 1.21/turn    x - ring of protection from fire
MPRegen 0.23/turn

%: no passive effects
@: tree-form
A: stationary, stasis, torment immunity, boosted hp
a: Renounce Religion


You were on level 2 of the Orcish Mines.
You worshipped Vehumet.
Vehumet was extremely pleased with you.
You were a tree.
You visited 4 branches of the dungeon, and saw 19 of its levels.
You also visited: Ossuary and Ice Cave.

You collected 1825 gold pieces.

Inventory:

Hand Weapons
 q - a +0 dagger of electrocution
 V - the +2 war axe "Hiteov" {freeze, SInv}
   (You found it on level 3 of the Dungeon)

   SInv:      It lets you see invisible.
 Y - a +5 dagger of draining
Missiles
 p - 6 datura-tipped darts
 I - 2 curare-tipped darts
 T - a throwing net {!f}
Armour
 i - a +1 pair of boots (melded)
 j - the +1 robe "Quyfay" {Dex+3 Stlth+ Archmagi}
   (You found it on level 2 of the Dungeon)

   Dex+3:     It affects your dexterity (+3).
   Stlth+:    It makes you more stealthy.
   Archmagi:  It increases the power of your magical spells.
 m - a +0 pair of gloves (melded)
 r - the +2 helmet "Xierar" (melded) {Contam MP+9 Stlth+}
   (You found it on level 4 of the Lair of Beasts)

   MP+9:      It affects your magic capacity (+9).
   Contam:    It causes magical contamination when unequipped.
   Stlth+:    It makes you more stealthy.
 O - a +2 cloak of willpower (melded)
 X - the +4 skin of Zhor (melded) {*Englaciate rC+++ SInv}
   (You found it in an ice cave)

   *Englaciate: It radiates cold, occasionally slowing all nearby creatures who
   are not resistant to cold.
   rC+++:     It renders you almost immune to cold.
   SInv:      It lets you see invisible.
Magical Staves
 a - a staff of conjuration
 b - a staff of poison (weapon)
 Z - a staff of air
Jewellery
 d - a ring of flight (left branch)
 x - a ring of protection from fire (right branch)
 C - an amulet of regeneration (around neck)
 L - a ring of positive energy
 M - an amulet of faith
 N - a ring of ice
Wands
 l - a wand of flame (40)
 n - a wand of light (19)
 A - a wand of charming (30)
 P - a wand of roots (12)
 U - a wand of digging (4)
Scrolls
 e - 4 scrolls of poison
 g - 2 scrolls of enchant weapon
 v - 5 scrolls of teleportation
 w - 2 scrolls of brand weapon
 y - 2 scrolls of butterflies
 B - 6 scrolls of fog
 D - 7 scrolls of immolation
 F - 4 scrolls of noise
 G - 2 scrolls of fear
 H - a scroll of enchant armour
 J - a scroll of amnesia
 S - a scroll of identify {@r1}
Potions
 c - 3 potions of cancellation
 f - 3 potions of curing
 h - a potion of ambrosia
 k - 4 potions of resistance
 o - a potion of magic
 s - 2 potions of enlightenment
 t - 2 potions of attraction
 u - 3 potions of brilliance
 z - 2 potions of might
 E - 2 potions of lignification
 Q - a potion of invisibility
 R - a potion of mutation


   Skills:
 - Level 8.0 Fighting
 - Level 8.0 Dodging
 - Level 2.4 Stealth
 + Level 13.9 Spellcasting
 - Level 18.0 Conjurations
 - Level 6.0 Hexes
 - Level 12.0 Fire Magic
 - Level 6.0 Poison Magic


You had 18 spell levels left.
You knew the following spells:

 Your Spells              Type           Power      Damage    Failure   Level
a - Magic Dart            Conj           100%       1d8       0%          1
b - Searing Ray           Conj           100%       2d8       0%          2
c - Stone Arrow           Conj/Erth      100%       3d13      1%          3
d - Fulminant Prism       Conj/Hex       37%        3d17      1%          4
e - Foxfire               Conj/Fire      100%       2x1d9     0%          1
f - Inner Flame           Hex/Fire       64%        N/A       1%          3
g - Sticky Flame          Conj/Fire      82%        2d9       1%          4
x - Olgreb's Toxic Radia  Pois           70%        N/A       1%          4

Your spell library contained the following spells:

 Spells                   Type           Power      Damage    Failure   Level
 Ozocubu's Refrigeration  Ice            10%        4d9       99%         7
 Kiss of Death            Conj/Necr      100%       2d13      1%          1
 Sandblast                Erth           40%        2d10      1%          1
 Cigotuvi's Dreadful Rot  Necr/Pois/Air  94%        N/A       1%          2
 Confusing Touch          Hex            53%        N/A       1%          3
 Dazzling Flash           Conj/Hex       100%       N/A       1%          3
 Brom's Barrelling Bould  Conj/Erth      64%        2d8       1%          4
 Iskenderun's Mystic Bla  Conj/Tloc      64%        2d13      1%          4
 Passwall                 Tmut/Erth      16%        N/A       3%          2
 Sublimation of Blood     Necr           20%        N/A       3%          2
 Wereblood                Tmut           20%        N/A       3%          2
 Lee's Rapid Deconstruct  Erth           10%        3d8*      17%         5
 Animate Armour           Summ/Erth      40%        N/A       26%         4
 Dispel Undead            Necr           20%        3d11      26%         4
 Summon Lightning Spire   Summ/Air       20%        N/A       26%         4
 Death Channel            Necr           10%        N/A       98%         6
 Summon Hydra             Summ           10%        N/A       100%        7


Dungeon Overview and Level Annotations

Branches:
Dungeon (11/15) Zot: 24071  Temple (1/1) D:6 Zot: 5983    Lair (5/5) D:11 Zot: 23064
 Shoals (0/4) Lair:2       Spider (0/4) Lair:3        Slime (0/5) Lair:5
    Orc (2/2) D:11 Zot: 10652 Ossuary (visited)           IceCv (visited)
    Elf: Orc:2

Altars:
Ashenzari
Cheibriados
Dithmenos
Elyvilon
Fedhas
Gozag
Hepliaklqana
Kikubaaqudgha
Makhleb
Nemelex Xobeh
Okawaru
Qazlal
Ru
Sif Muna
Trog
Uskayaw
Vehumet
Wu Jian
Xom
Yredelemnul
Zin
The Shining One

Shops:
Orc:1 [   Orc:2 ?[

Annotations:
D:1 exclusion: downstairs
D:7 exclusions: 2 downstairs and 1 more exclusion
D:11 3 runed translucent doors, bahustanut's ghost, journeyman BaHu
Lair:1 exclusion: downstairs
Lair:2 exclusion: downstairs
Lair:3 2 transporters, exclusion: downstairs, Joey1's ghost, journeyman GrEE
Orc:2 Donald


Message History

A fulminant prism comes into view.
Donald hits you with a +2 heavy broad axe!!
Donald hits your fulminant prism with a +2 heavy broad axe!!
Your fulminant prism detonates feebly.
You take 28 damage, and have 56/84 hp.
MASSIVE DAMAGE!!
You now have 19/42 mp.
You radiate an aura of cold.
Donald is unaffected.
Casting: Fulminant Prism (safe; 1% risk of failure)
Confirm with . or Enter, or press ? or * to list all spells.
Aiming: Fulminant Prism (safe; 1% risk of failure)
Press: ? - help, Dir - move target
There is a wall there.
Okay, then.
You radiate an aura of cold.
Donald is unaffected.
Donald says, "I hate complainers so much."
Donald hits you with a +2 heavy broad axe!!
You take 31 damage, and have 26/84 hp.
MASSIVE DAMAGE!!
Casting: Fulminant Prism (safe; 1% risk of failure)
Confirm with . or Enter, or press ? or * to list all spells.
Aiming: Fulminant Prism (safe; 1% risk of failure)
Press: ? - help, Dir - move target You conjure a prism of explosive energy!
A fulminant prism comes into view.
A warg comes into view.
Donald hits you with a +2 heavy broad axe!!
* * * LOW HITPOINT WARNING * * *
Donald hits your fulminant prism with a +2 heavy broad axe!!
Your fulminant prism detonates feebly.
The warg howls!
You take 25 damage, and have 1/84 hp.
MASSIVE DAMAGE!!
You now have 16/42 mp.
Okay, then.
You turn into a tree.
Your +2 cloak of willpower melds into your body.
The +2 helmet "Xierar" {Contam MP+9 Stlth+} melds into your body.
Your +0 pair of gloves melds into your body.
Your +1 pair of boots melds into your body.
The +4 skin of Zhor {*Englaciate rC+++ SInv} melds into your body.
You feel less strong-willed.
You feel your magic capacity decrease.
Your roots penetrate the ground.
Donald hits you with a +2 heavy broad axe!!
You die...
Donald says, "I won.
I... don't hate that."

#.......#...#.........#
....#........#.........#
.......................#
........................#
.#.............##.#......
........##....#.#h......
.........#............ .
............#......#.#..
...)#...)......#♣##...#
.).........)....@.#...##
.......)...#..##.#.....#
...))..#..... #...#...##
....)..)##.#.###.######
...)................#
.)..................##
##.###.###.#######.).##
#.# #.# #.#....∩#....#


You could see Donald (fast, strong) and a warg.

Vanquished Creatures
  3 hydras
  A catoblepas (Lair:5)
  A centaur warrior (D:9)
  5 two-headed ogres
  5 death yaks
  5 orc high priests (Orc:2)
  Amaemon (D:8)
  2 skysharks (Lair:4)
  Pikel (D:5)
  An orc knight (Orc:1)
  6 ugly things
  An orc sorcerer (Orc:2)
  A cyclops (D:11)
  9 elephants
  5 black mambas
  3 merfolk sirens (Lair:2)
  Maurice (D:8)
  2 gargoyles
  3 ice statues (IceCv)
  An orange demon (D:8)
  9 cane toads
  3 rime drakes
  Jeremiah (D:7)
  5 komodo dragons
  An anaconda simulacrum (IceCv)
  A freezing wraith (IceCv)
  A merfolk (Lair:2)
  3 trolls
  2 polar bears
  6 hornets
  8 blink frogs
  Prince Ribbit (D:8)
  A dream sheep (Lair:5)
  Sigmund (D:2)
  11 spriggans (Lair:5)
  4 wyverns
  A wyvern (shapeshifter) (D:11)
  A wraith (D:9)
  48 yaks
  6 basilisks
  A redback (Lair:3)
  2 steam dragons
  Edmund (D:6)
  3 wargs
  A death yak simulacrum (IceCv)
  A harpy simulacrum (IceCv)
  7 water moccasins
  Menkaure (D:4)
  11 orc warriors
  A sky beast (D:5)
  2 ice beasts
  5 black bears
  2 hornet zombies (Ossuary)
  The ghost of randomguy2701 the Shield-Bearer, an amateur GnFi (D:3)
  4 boggarts (Lair:5)
  5 ogres
  27 wolves
  A centaur (D:7)
  4 lemures (D:5)
  2 phantoms
  16 bullfrogs
  4 kobold brigands
  2 gnoll sergeants
  Blork the orc (D:5)
  A cane toad simulacrum (IceCv)
  4 scorpions
  3 water moccasin zombies (Ossuary)
  8 killer bees
  An electric eel (Lair:3)
  3 howler monkeys (D:9)
  7 bullfrog zombies (Ossuary)
  2 centaur zombies (Ossuary)
  7 hounds
  28 orc priests
  Crazy Yiuf (D:2)
  3 jellies
  A gnoll bouda (D:6)
  Jessica (D:2)
  2 iguanas
  A sleepcap (D:7)
  20 orc wizards
  4 hell rats (Lair:4)
  A polar bear simulacrum (IceCv)
  2 wolf simulacra (IceCv)
  A killer bee zombie (Ossuary)
  17 mummies (Ossuary)
  12 gnolls
  6 adders
  2 shadow imps
  A white imp (D:7)
  3 ufetubi
  A worm (D:2)
  3 dart slugs
  60 orcs
  10 endoplasms
  3 giant cockroaches
  9 hobgoblins
  4 jackals (D:4)
  4 quokkas
  8 ball pythons
  6 bats
  5 frilled lizards
  9 goblins
  10 kobolds
  4 rats
  A butterfly (Lair:4)
  A foxfire (D:9)
556 creatures vanquished.

Vanquished Creatures (others)
  14 foxfires (D:9)
  266 fulminant prisms
280 creatures vanquished.

Grand Total: 836 creatures vanquished

Notes
Turn   | Place    | Note
-------+----------+-------------------------------------------
     0 | D:1      | Psyclone the Deep Elf Conjurer began the quest for the Orb.
     0 | D:1      | Reached XP level 1. HP: 10/10 MP: 6/6
   347 | D:1      | Reached XP level 2. HP: 15/15 MP: 5/9
   467 | D:1      | Learned a level 2 spell: Searing Ray
   994 | D:2      | Found a faded altar of an unknown god.
  1034 | D:2      | Identified the +1 robe "Quyfay" {Dex+3 Stlth+ Archmagi}
  1146 | D:2      | Reached XP level 3. HP: 19/19 MP: 8/10
  1308 | D:2      | Noticed Jessica
  1315 | D:2      | Killed Jessica
  1316 | D:2      | Reached skill level 5 in Conjurations
  1361 | D:2      | Identified the +6 scale mail of Hadjma {rPois}
  1510 | D:2      | Found a runed translucent door.
  1511 | D:2      | Noticed Crazy Yiuf
  1518 | D:2      | Killed Crazy Yiuf
  1519 | D:2      | Reached XP level 4. HP: 7/24 MP: 6/12
  1605 | D:2      | Noticed Sigmund
  1613 | D:2      | Killed Sigmund
  1614 | D:2      | Reached skill level 7 in Conjurations
  1614 | D:2      | Reached XP level 5. HP: 24/28 MP: 4/13
  1861 | D:2      | Reached XP level 6. HP: 32/32 MP: 10/14
  2289 | D:3      | Found a runed translucent door.
  2323 | D:3      | Noticed randomguy2701's ghost (amateur GnFi)
  2423 | D:3      | Found the +5 woodcutter's axe
  2556 | D:3      | Found a white marble altar of Elyvilon.
  3065 | D:4      | Reached skill level 8 in Conjurations
  3262 | D:4      | Noticed Menkaure
  3271 | D:4      | Killed Menkaure
  3272 | D:4      | Reached skill level 9 in Conjurations
  3272 | D:4      | Reached XP level 7. HP: 36/36 MP: 7/15
  3511 | D:4      | Learned a level 4 spell: Fulminant Prism
  3516 | D:4      | Reached skill level 5 in Spellcasting
  4122 | D:4      | Learned a level 3 spell: Stone Arrow
  4153 | D:5      | Entered Level 5 of the Dungeon
  4350 | D:5      | Found an opulent altar of Gozag.
  4350 | D:5      | Found a bloodstained altar of Trog.
  4511 | D:5      | Noticed Blork the orc
  4511 | D:5      | Noticed Pikel
  4517 | D:5      | Killed Blork the orc
  4519 | D:5      | Reached XP level 8. HP: 32/41 MP: 4/22
  4890 | D:5      | Killed Pikel
  4891 | D:5      | Reached skill level 5 in Dodging
  5311 | D:5      | Found a stormy altar of Qazlal.
  5659 | D:6      | Found an iron altar of Okawaru.
  5758 | D:6      | Reached skill level 1 in Fighting
  5830 | D:6      | Reached XP level 9. HP: 45/47 MP: 12/24
  5844 | D:6      | Found a snail-covered altar of Cheibriados.
  5850 | D:6      | Found a sand-covered staircase.
  5926 | Ossuary  | Entered an ossuary
  6595 | Ossuary  | Reached skill level 5 in Fighting
  7227 | D:6      | Found a sacrificial altar of Ru.
  7230 | D:6      | Noticed Edmund
  7241 | D:6      | Killed Edmund
  7342 | D:6      | Found a staircase to the Ecumenical Temple.
  7398 | Temple   | Entered the Ecumenical Temple
  7684 | D:7      | Found a radiant altar of Vehumet.
  7703 | D:7      | Became a worshipper of Vehumet
  7776 | D:7      | Noticed Jeremiah
  7783 | D:7      | Killed Jeremiah
  8176 | D:7      | Reached XP level 10. HP: 61/63 MP: 21/25
  8207 | D:7      | Found a glowing golden altar of the Shining One.
  8597 | D:8      | Noticed an orange demon
  8646 | D:8      | Noticed Maurice
  8654 | D:8      | Killed Maurice
  8758 | D:8      | Noticed a two-headed ogre
  9099 | D:8      | Killed a two-headed ogre
  9100 | D:8      | Reached skill level 10 in Conjurations
  9331 | D:8      | Noticed Prince Ribbit
  9446 | D:8      | Noticed Amaemon
  9451 | D:8      | Killed Prince Ribbit
  9452 | D:8      | Reached skill level 11 in Conjurations
  9665 | D:8      | Killed an orange demon
  9671 | D:8      | Killed Amaemon
  9672 | D:8      | Reached skill level 12 in Conjurations
 10151 | D:9      | Noticed a two-headed ogre
 10156 | D:9      | HP: 2/64 [two-headed ogre/+0 great mace (30)]
 10159 | D:9      | Killed a two-headed ogre
 10160 | D:9      | Reached XP level 11. HP: 10/68 MP: 11/26
 10161 | D:9      | Noticed a centaur warrior
 10519 | D:9      | Reached * piety under Vehumet
 10519 | D:9      | Offered knowledge of Foxfire by Vehumet.
 10564 | D:9      | Learned a level 1 spell: Foxfire
 10626 | D:9      | Found a glowing silver altar of Zin.
 10640 | D:9      | Reached skill level 1 in Fire Magic
 10771 | D:9      | Killed a centaur warrior
 11357 | D:10     | Entered Level 10 of the Dungeon
 11598 | D:10     | Reached skill level 5 in Fire Magic
 11653 | D:10     | Noticed a two-headed ogre
 11668 | D:10     | Killed a two-headed ogre
 11933 | D:10     | Found a hide-covered altar of Uskayaw.
 11933 | D:10     | Found a shadowy altar of Dithmenos.
 11970 | D:10     | Identified the +0 hand axe of the Foot {antimagic, rPois
                  | rCorr Int+2}
 12176 | D:11     | Noticed a two-headed ogre
 12209 | D:11     | Killed a two-headed ogre
 12365 | D:11     | Reached ** piety under Vehumet
 12457 | D:11     | Offered knowledge of Shock by Vehumet.
 12804 | D:11     | Found a staircase to the Lair.
 13268 | D:11     | Reached skill level 10 in Fire Magic
 13392 | D:11     | Noticed a two-headed ogre
 13401 | D:11     | Killed a two-headed ogre
 13402 | D:11     | Reached XP level 12. HP: 73/73 MP: 17/27
 13456 | D:11     | Found a bloodstained altar of Trog.
 13534 | D:11     | Found a runed translucent gate.
 13534 | D:11     | Found a runed translucent gate.
 13534 | D:11     | Found a runed translucent gate.
 13574 | D:11     | Found a staircase to the Orcish Mines.
 14037 | D:11     | Noticed an ettin
 14038 | D:11     | an ettin changed into a slime creature
 14229 | D:11     | Found a runed translucent gate.
 14229 | D:11     | Found a runed translucent gate.
 14231 | D:11     | Found a runed translucent gate.
 14242 | D:11     | Noticed bahustanut's ghost (journeyman BaHu)
 14344 | Lair:1   | Entered Level 1 of the Lair of Beasts
 14355 | Lair:1   | Reached skill level 1 in Hexes
 14636 | Lair:1   | Reached skill level 5 in Hexes
 14790 | Lair:1   | Offered knowledge of Inner Flame by Vehumet.
 15036 | Lair:1   | Learned a level 3 spell: Inner Flame
 15052 | Lair:1   | Reached skill level 10 in Spellcasting
 15243 | Lair:1   | Reached *** piety under Vehumet
 15792 | Lair:2   | Reached skill level 13 in Conjurations
 15900 | Lair:2   | Found a staircase to the Shoals.
 15951 | Lair:2   | Noticed a seven-headed hydra
 15967 | Lair:2   | Killed a seven-headed hydra
 16523 | Lair:3   | Noticed a death yak
 16523 | Lair:3   | Noticed a death yak
 16523 | Lair:3   | Noticed a death yak
 16523 | Lair:3   | Noticed a death yak
 16523 | Lair:3   | Noticed a death yak
 16528 | Lair:3   | Reached XP level 13. HP: 44/78 MP: 21/31
 16534 | Lair:2   | Reached skill level 14 in Conjurations
 16602 | Lair:3   | Found a hole to the Spider Nest.
 16668 | Lair:3   | Offered knowledge of Sticky Flame by Vehumet.
 16674 | Lair:3   | Learned a level 4 spell: Sticky Flame
 16876 | Lair:3   | Found a transporter.
 16880 | Lair:3   | Found a transporter.
 16881 | Lair:3   | Noticed Joey1's ghost (journeyman GrEE)
 16907 | Lair:3   | Reached skill level 15 in Conjurations
 17830 | D:3      | Killed randomguy2701's ghost
 17836 | D:3      | Identified the +2 war axe "Hiteov" {freeze, SInv}
 18140 | Lair:4   | Reached **** piety under Vehumet
 18503 | Lair:4   | Offered knowledge of Volatile Blastmotes by Vehumet.
 18575 | Lair:4   | Reached skill level 16 in Conjurations
 18953 | Lair:4   | Identified the +2 helmet "Xierar" {Contam MP+9 Stlth+}
 19515 | Lair:5   | Entered Level 5 of the Lair of Beasts
 19561 | Lair:5   | Reached skill level 17 in Conjurations
 20091 | Lair:5   | Reached ***** piety under Vehumet
 20091 | Lair:5   | Offered knowledge of Olgreb's Toxic Radiance by Vehumet.
 20105 | Lair:5   | Found a frozen archway.
 20118 | IceCv    | Entered an ice cave
 20179 | IceCv    | Learned a level 4 spell: Olgreb's Toxic Radiance
 20235 | IceCv    | Found the +4 skin of Zhor {*Englaciate rC+++ SInv}
 20312 | IceCv    | Reached skill level 1 in Poison Magic
 20383 | IceCv    | Reached XP level 14. HP: 84/84 MP: 7/32
 20987 | Lair:5   | Found a staircase to the Slime Pits.
 21028 | Lair:5   | Reached skill level 5 in Poison Magic
 21750 | Lair:5   | Paralysed by a hornet for 3 turns
 22419 | Orc:1    | Entered Level 1 of the Orcish Mines
 22534 | Orc:1    | Reached skill level 18 in Conjurations
 22674 | Orc:1    | Found a transporter.
 22679 | Orc:1    | Found Jenet's Armour Shop.
 22786 | Orc:1    | Found a transporter.
 23058 | Orc:2    | Entered Level 2 of the Orcish Mines
 23399 | Orc:2    | Offered knowledge of Ozocubu's Refrigeration by Vehumet.
 23588 | Orc:2    | Found Lidduy's Antique Armour Emporium.
 23588 | Orc:2    | Found Bidd's Magic Scroll Boutique.
 23595 | Orc:2    | HP: 3/84 [orc high priest/divine providence (13)]
 23744 | Orc:2    | Identified the +4 kite shield of Teonuyth {rPois rF++}
 23744 | Orc:2    | Noticed Donald
 23758 | Orc:2    | HP: 1/84 [Donald/+2 heavy broad axe (26)]
 23759 | Orc:2    | Demolished by Donald

Illustrated notes

Levels and vault maps discovered:
D:1:      dpeg_arrival_orchard, layout_basic
D:2:      layout_basic, nicolae_ecumenical_oubliette, minmay_fountain_box,
          reono_crystal_passage, grunt_decor_mini_mirrors, minmay_misc_feat_chi,
          uniq_jessica, uniq_sigmund, uniq_crazy_yiuf_cottage
D:3:      layout_basic, nicolae_elyvilon_peaceful_grove,
          ebering_ghost_inner_flame
D:4:      layout_gridville, uniq_menkaure
D:5:      layout_cave_pods, nicolae_qazlal_beasts_of_the_sky,
          amethyst_overflow_temple_binary, uniq_pikel, uniq_blork_the_orc
D:6:      layout_rooms, lemuel_doored_altar, amcnicky_altar_gilded,
          nicolae_ru_awakened_eye, minmay_temple_entry_butterflies,
          lightli_ossuary_entry_decrepit_ruins, uniq_edmund
D:7:      layout_loops_ring, nicolae_vehumet_altar_sigil,
          mainiacjoe_overflow_six_doors_small, uniq_jeremiah
D:8:      layout_rooms, kennysheep_generic_room_5, uniq_maurice, uniq_amaemon,
          uniq_prince_ribbit1
D:9:      minmay_clustersquares, layout_irregular_city, general_overflow_altar
D:10:     layout_roguey, gammafunk_temple_overflow_wave
D:11:     layout_basic, david_lair_generic, orc_0_dummy,
          ploomutoo_gammafunk_ghost_potion_laboratory, trog_antimagical
Temple:   nicolae_temple_ecumenical_triangle
Lair:1:   layout_loops_ring, guppyfry_lair_drakes, lemuel_fruit_fields
Lair:2:   layout_roguey, elwin_shoals_entry_stream
Lair:3:   layout_roguey, spider_nest_entry_a, gammafunk_ghost_hive,
          lemuel_fruit_fields, serial_bayou_shore_a, grunt_megastairs_3,
          lemuel_fruit_tree
Lair:4:   layout_cave_pods, chequers_serial_rivers_room_b, serial_bayou_shore_b,
          grunt_megastairs_1, lemuel_fruit_fields
Lair:5:   minmay_lair_end_enchanted_forest, layout_hall_layers,
          dpeg_slime_entry_enclosed, portal_ice_cave_rime
Orc:1:    layout_diamond_mine, serial_shops, nicolae_shop_drivethru
Orc:2:    st_orc_town, layout_caves, basic_altar, uniq_donald

Skill      XL: |  1  2  3  4  5  6  7  8  9 10 11 12 13 14 |
---------------+-------------------------------------------+-----
Spellcasting   | 4 8 9 12 13 | 13.9
Conjurations   | 5 7 9 12 13 17 18 | 18.0
Dodging        | 8 |  8.0
Fighting       | 1 7 8 |  8.0
Fire Magic     | 10 12 | 12.0
Hexes          | 6 |  6.0
Poison Magic   | 2 6 |  6.0
Stealth        | |  2.4

Action                     |  1- 3 |  4- 6 |  7- 9 | 10-12 | 13-15 || total
---------------------------+-------+-------+-------+-------+-------++-------
  Melee: Battleaxe         |       |    19 |    22 |    32 |    19 ||    92
         Dagger            |       |     1 |       |       |       ||     1
         Staff             |       |       |       |       |    55 ||    55
   Cast: Magic Dart        |    50 |    72 |   127 |    49 |    62 ||   360
         Searing Ray       |     4 |     5 |    76 |    55 |    66 ||   206
         Stone Arrow       |       |       |     1 |       |    18 ||    19
         Fulminant Prism   |       |       |     4 |   165 |    98 ||   267
         Foxfire           |       |       |       |     9 |       ||     9
         Inner Flame       |       |       |       |     2 |       ||     2
         Olgreb's Toxic Ra |       |       |       |       |    62 ||    62
    Use: Scroll            |       |       |    13 |     7 |     6 ||    26
         Potion            |       |       |     1 |     3 |     3 ||     7
   Stab: Sleeping          |       |     2 |     2 |       |       ||     4
 Armour: Robe              |     3 |    30 |    80 |   122 |    88 ||   323
         Animal skin       |       |       |       |       |    71 ||    71
         Skin              |       |       |       |       |     1 ||     1
  Dodge: Dodged            |     4 |    20 |    95 |   129 |   188 ||   436

Table legend: (Time is in decaauts)
 A = Elapsed time spent in this place.
 B = Non-inter-level travel time spent in this place.
 C = Inter-level travel time spent in this place.
 D = Time resting spent in this place.
 E = Time spent auto-exploring this place.
 F = Levels seen in this place.
 G = Mean time per level.
                   A        B        C        D        E       F      G
               +--------+--------+--------+--------+--------+-----+--------+
         Total |  23807 |  22269 |   1538 |   4184 |  13369 |  21 | 1133.7 |
       Dungeon |  13734 |  12617 |   1117 |   2025 |   8213 |  11 | 1248.5 |
        Temple |     16 |     10 |      6 |      0 |      0 |   1 |   16.0 |
          Lair |   6935 |   6579 |    356 |   1012 |   4321 |   5 | 1387.0 |
  Orcish Mines |   1346 |   1288 |     58 |     74 |    828 |   2 |  673.0 |
       Ossuary |   1227 |   1227 |      0 |    800 |      0 |   1 | 1227.0 |
      Ice Cave |    546 |    546 |      0 |    273 |      7 |   1 |  546.0 |
               +--------+--------+--------+--------+--------+-----+--------+

Top non-repeatable levels by time:
    D:11: 2249 daAuts
  Lair:4: 1775 daAuts
  Lair:5: 1594 daAuts
  Lair:1: 1498 daAuts
     D:9: 1421 daAuts
     D:5: 1370 daAuts
     D:4: 1323 daAuts
     D:8: 1294 daAuts
     D:2: 1260 daAuts
 Ossuary: 1227 daAuts
  Lair:3: 1194 daAuts
     D:7: 1130 daAuts
     D:1: 1028 daAuts
    D:10: 989 daAuts
  Lair:2: 872 daAuts
